 Dungeon Crawl Stone Soup version 0.28-a0-172-g787e458d71 (webtiles) character file.

Game seed: 13895829103715515298

49 rabbitsville the Skirmisher (level 3, -6/34 HPs)
             Began as a Hill Orc Fighter on Aug 16, 2021.
             Mangled by a gnoll (8 damage)
             ... on level 2 of the Dungeon.
             The game lasted 00:03:55 (865 turns).

rabbitsville the Skirmisher (Hill Orc Fighter)       Turns: 865, Time: 00:03:55

Health: -6/34      AC:  6    Str: 19    XL:     3   Next: 77%
Magic:  3/3        EV:  7    Int:  8    God:
Gold:   7          SH:  8    Dex: 10    Spells: 2/2 levels left

rFire   . . .      SeeInvis .   a - +0 war axe
rCold   . . .      Faith    .   c - +0 kite shield
rNeg    . . .      Spirit   .   b - +0 scale mail
rPois   .          Reflect  .   (no helmet)
rElec   .          Harm     .   (no cloak)
rCorr   .          Rampage  .   (no gloves)
Will    .....                   (no boots)
Stlth   ..........              (no amulet)
HPRegen 0.11/turn               (no ring)
MPRegen 0.08/turn               (no ring)

@: mighty
A: no striking features
a: no special abilities


You were on level 2 of the Dungeon.
You visited 1 branch of the dungeon, and saw 2 of its levels.

You collected 7 gold pieces.

Inventory:

Hand Weapons
 a - a +0 war axe (weapon)
Armour
 b - a +0 scale mail (worn)
 c - a +0 kite shield (worn)
Scrolls
 e - a scroll of fog {unknown}
 f - a scroll of enchant armour {unknown}
 g - a scroll of identify {unknown}
 h - a scroll of teleportation {unknown}
 i - a scroll of amnesia {unknown}


   Skills:
 + Level 4.3 Fighting
 + Level 3.8 Axes
 - Level 3.2 Armour
 + Level 3.9 Shields


You had 2 spell levels left.
You didn't know any spells.
Your spell library was empty.

Dungeon Overview and Level Annotations

Branches:
Dungeon (1/15)

Altars:


Message History

The gnoll shouts!
A gnoll comes into view. It is wielding a +0 halberd.
You hit the gnoll but do no damage. You block the gnoll's attack.
Your shield and scale mail prevent you from hitting the gnoll.
The gnoll hits you but does no damage. You block the gnoll's attack.
Your shield prevents you from hitting the gnoll.
The gnoll hits you from afar with a +0 halberd!
The gnoll hits you with a +0 flail.
You closely miss the gnoll. You block the gnoll's attack.
The gnoll hits you but does no damage.
The gnoll hits you from afar with a +0 halberd.
The gnoll barely misses you.
You closely miss the gnoll. The gnoll barely misses you. x2
Your shield prevents you from hitting the gnoll.
The gnoll barely misses you. The gnoll hits you with a +0 flail.
You block the gnoll's attack. The gnoll hits you with a +0 flail.
Okay, then.
Okay, then.
Things that are here:
a +0 short sword; a bat corpse; a kobold corpse You see here a rat skeleton.
Things that are here:
a +0 halberd; a gnoll skeleton A rat comes into view.
You feel very mighty all of a sudden.
The gnoll hits you from afar with a +0 halberd!
* * * LOW HITPOINT WARNING * * *
The gnoll barely misses you.
You slash the gnoll!
You kill the gnoll!
The gnoll hits you with a +0 flail.
* * * LOW HITPOINT WARNING * * *
Your shield and scale mail prevent you from hitting the gnoll.
The gnoll hits you from afar with a +0 halberd.
* * * LOW HITPOINT WARNING * * *
The gnoll barely misses you.
You slice the gnoll!!
You kill the gnoll!
The gnoll hits you from afar with a +0 halberd!
You die...

##.#.##.#
#.###...#
##.#g#### ##..#
#..# #..# ####..#
######g....#####
#...@)r..........
#.####.##.#..####
.. #.##....... #.
#.####...... #
..# ..#### ..# .#
#... # #...


You could see a gnoll and a rat.

Vanquished Creatures
  3 gnolls (D:2)
  A dart slug (D:1)
  2 ball pythons (D:1)
  7 endoplasms
  5 goblins (D:1)
  A hobgoblin (D:2)
  A kobold (D:2)
  A quokka (D:2)
  2 bats
  A frilled lizard (D:1)
  4 rats
28 creatures vanquished.

Notes
Turn   | Place    | Note
-------+----------+-------------------------------------------
     0 | D:1      | rabbitsville the Hill Orc Fighter began the quest for the
                  | Orb.
     0 | D:1      | Reached XP level 1. HP: 19/19 MP: 1/1
     2 | D:1      | Found a faded altar of an unknown god.
    19 | D:1      | Reached XP level 2. HP: 11/27 MP: 2/2
   353 | D:1      | Reached skill level 4 in Fighting
   493 | D:1      | You fall into a shaft and drop 1 floor!
   498 | D:2      | Reached XP level 3. HP: 33/33 MP: 3/3
   865 | D:2      | Mangled by a gnoll

Illustrated notes

Levels and vault maps discovered:
D:1:      wander_arrival_desolate, layout_loops_cross,
          hellmonk_ecumenical_altar_crossroads
D:2:      layout_loops_ring, uniq_natasha

Skill      XL: |  1  2 |
---------------+-------+-----
Axes           | 3 |  3.8
Fighting       | 4 |  4.3
Armour         | |  3.2
Shields        | |  3.9

Action                   || total
-------------------------++-------
Melee: War axe           ||    75
  Use: Potion            ||     1
 Stab: Distracted        ||     1
Armor: Scale mail        ||    27
Dodge: Dodged            ||    20
Block: Kite shield       ||    29

Table legend: (Time is in decaauts)
 A = Elapsed time spent in this place.
 B = Non-inter-level travel time spent in this place.
 C = Inter-level travel time spent in this place.
 D = Time resting spent in this place.
 E = Time spent auto-exploring this place.
 F = Levels seen in this place.
 G = Mean time per level.
                   A        B        C        D        E       F      G
               +--------+--------+--------+--------+--------+-----+--------+
         Total |    906 |    906 |      0 |    267 |    365 |   2 |  453.0 |
       Dungeon |    906 |    906 |      0 |    267 |    365 |   2 |  453.0 |
               +--------+--------+--------+--------+--------+-----+--------+

Top non-repeatable levels by time:
     D:1: 514 daAuts
     D:2: 392 daAuts
